 Dungeon Crawl Stone Soup version 0.30.0-29-ga12c61a403 (webtiles) character file.

Game seed: 10359153852686597160

807 Fecro the Covert (level 7, 0/35 HPs)
             Began as a Spriggan Brigand on June 13, 2023.
             Succumbed to a water moccasin's poison
             ... on level 5 of the Dungeon.
             The game lasted 00:16:06 (4369 turns).

Fecro the Covert (Spriggan Brigand)                 Turns: 4369, Time: 00:16:06

Health: 0/35       AC:  3    Str:  7    XL:     7   Next: 60%
Magic:  10/10      EV: 23    Int: 12    God:
Gold:   254        SH:  0    Dex: 19    Spells: 9/9 levels left

rFire   . . .        a - +2 dagger
rCold   . . .        (no shield)
rNeg    . . .        b - +0 robe
rPois   .            (helmet restricted)
rElec   .            c - +0 cloak
rCorr   .            (gloves unavailable)
SInv    +            (boots unavailable)
Will    +....        (no amulet)
Stlth   +++++        j - +5 ring of evasion
HPRegen 0.25/turn    (no ring)
MPRegen 0.12/turn

%: no passive effects
@: lethally poisoned (0 -> -12), very quick
A: very small, no large weapons, unfitting armour, see invisible, speed 3
a: no special abilities


You were on level 5 of the Dungeon.
You visited 2 branches of the dungeon, and saw 6 of its levels.

You collected 254 gold pieces.

Inventory:

Hand Weapons
 a - a +2 dagger (weapon)
 z - a +4 sling
Missiles
 d - 14 poisoned darts (quivered)
 e - a curare-tipped dart
 u - 6 boomerangs
Armour
 b - a +0 robe (worn)
 c - a +0 cloak (worn)
Jewellery
 j - a +5 ring of evasion (left hand)
 A - a +6 ring of dexterity
Wands
 l - a wand of charming (18)
 t - a wand of quicksilver (3)
 y - a wand of digging (4)
Scrolls
 f - 2 scrolls of teleportation {unknown}
 h - 8 scrolls of identify {unknown}
 k - 2 scrolls of fog {unknown}
 m - 2 scrolls of blinking {unknown}
 o - a scroll of magic mapping {unknown}
 q - 2 scrolls of poison {unknown}
 v - a scroll of noise {unknown}
 w - a scroll of immolation {unknown}
Potions
 g - a potion of haste {unknown}
 i - a potion of magic {unknown}
 n - 2 potions of curing {unknown}
 p - 2 potions of lignification {unknown}
 r - a potion of cancellation {unknown}
 s - a potion of heal wounds {unknown}
 x - a potion of mutation {unknown}


   Skills:
 + Level 2.5 Fighting
 + Level 3.6 Short Blades
 + Level 0.2 Ranged Weapons
 + Level 3.0 Throwing
 + Level 3.2 Dodging
 + Level 11.8 Stealth
 * Level 1.8 Spellcasting


You had 9 spell levels left.
You didn't know any spells.
Your spell library contained the following spells:

 Spells                   Type           Power      Damage    Failure   Level
 Ensorcelled Hibernation  Hex/Ice        2%         N/A       38%         2
 Passwall                 Tmut/Erth      0%         N/A       38%         2
 Call Canine Familiar     Summ           1%         N/A       63%         3
 Portal Projectile        Hex/Tloc       2%         N/A       63%         3
 Swiftness                Air            1%         N/A       63%         3
 Vhi's Electric Charge    Tloc/Air       2%         N/A       63%         3
 Leda's Liquefaction      Hex/Erth       0%         N/A       95%         4
 Arcjolt                  Conj/Air       0%         1d10      100%        5
 Maxwell's Capacitive Co  Air            0%         ∞         100%        8


Dungeon Overview and Level Annotations

Branches:
Dungeon (5/15)             Temple (1/1) D:4

Altars:
Ashenzari
Cheibriados
Elyvilon
Fedhas
Gozag
Hepliaklqana
Makhleb
Nemelex Xobeh
Okawaru
Qazlal
Ru
Sif Muna
Uskayaw
Vehumet
Wu Jian
Yredelemnul
Zin
The Shining One

Shops:
D:1 *

Annotations:
D:4 2 transporters, Sabo's ghost, amateur DrAE
D:5 1 runed translucent door, Chilbo's ghost, novice SpEn


Innate Abilities, Weirdness & Mutations

You are very small and have problems with some larger weapons.
You are too small for most types of armour.
You have supernaturally acute eyesight. (SInv)
You cover ground extremely quickly. (Speed+++)


Message History

You miss the water moccasin.
The water moccasin is lightly wounded.
The water moccasin closely misses you. x2
You barely miss the water moccasin.
The water moccasin is lightly wounded.
The water moccasin completely misses you.
You hit the water moccasin.
The water moccasin is moderately wounded.
The water moccasin misses you.
You closely miss the water moccasin.
The water moccasin is moderately wounded.
The water moccasin completely misses you.
You hit the water moccasin.
The water moccasin is moderately wounded.
The water moccasin bites you!
You are poisoned.
The water moccasin poisons you!
You hit the water moccasin.
The water moccasin is heavily wounded.
You feel very sick. The water moccasin bites you.
You are lethally poisoned!
The water moccasin poisons you!
You hit the water moccasin.
The water moccasin is heavily wounded.
You feel extremely sick. The water moccasin barely misses you.
The water moccasin bites you but does no damage.
You are too injured to fight recklessly!
You are too injured to fight recklessly!
You feel very sick.
* * * LOW HITPOINT WARNING * * *
You feel very sick.
* * * LOW HITPOINT WARNING * * *
You feel very sick.
* * * LOW HITPOINT WARNING * * *
You feel very sick.
* * * LOW HITPOINT WARNING * * *
You feel sick.
You die...

............<...#.# #.....##⌠#
.....[............### #....##...
#<#####.............# #...##..!.
#.# #####.###.###.# #...+...♣.
#.# #(# #.# #.# ##..##..?. #.#
#.###.###.## #...##... #.#
#..........## #....##⌠#
#.#########...#.###...###.#...###
...(.........S..@.........##.....
#.#########...#####...#######....
#.# #..........## #######. #.#
###.#######.# #.....## #.#
#...........# #..#.#.# #.#
#.#.######### ##.##.##. #.#
####.#.# #..##.### #.# #......##
#..##.... #.#####.......#
#..######


You could see a water moccasin.

Vanquished Creatures
  Grinder (D:3)
  An ogre (D:4)
  A scorpion (D:5)
  2 orc priests (D:5)
  A jelly (D:3)
  3 hounds
  A sleepcap (D:3)
  An orc wizard (D:4)
  13 adders
  A white imp (D:5)
  An ufetubus (D:5)
  2 worms
  3 dart slugs
  7 orcs
  10 ball pythons
  11 bats
  3 endoplasms
  4 giant cockroaches
  9 goblins
  5 hobgoblins
  3 jackals (D:1)
  9 kobolds
  4 quokkas
  2 frilled lizards
  6 rats
104 creatures vanquished.

Notes
Turn   | Place    | Note
-------+----------+-------------------------------------------
     0 | D:1      | Fecro the Spriggan Brigand began the quest for the Orb.
     0 | D:1      | Reached XP level 1. HP: 10/10 MP: 2/2
    43 | D:1      | Reached skill level 6 in Stealth
   219 | D:1      | Reached XP level 2. HP: 8/15 MP: 3/3
   456 | D:1      | Found Plog's General Store.
   807 | D:2      | Reached skill level 7 in Stealth
   807 | D:2      | Reached XP level 3. HP: 15/18 MP: 4/4
  1026 | D:2      | Found a basalt altar of Yredelemnul.
  1351 | D:3      | Noticed Grinder
  1358 | D:3      | Killed Grinder
  1359 | D:3      | Reached skill level 9 in Stealth
  1359 | D:3      | Reached XP level 4. HP: 23/23 MP: 5/5
  1359 | D:3      | Reached XP level 5. HP: 26/26 MP: 6/6
  1371 | D:3      | Found a burning altar of Makhleb.
  1390 | D:3      | Reached skill level 10 in Stealth
  1409 | D:3      | Reached XP level 6. HP: 30/30 MP: 7/7
  2194 | D:4      | Reached skill level 11 in Stealth
  2402 | D:4      | Reached XP level 7. HP: 35/35 MP: 8/8
  2457 | D:4      | Found a sacrificial altar of Ru.
  2523 | D:4      | Found a staircase to the Ecumenical Temple.
  2556 | Temple   | Entered the Ecumenical Temple
  2802 | D:4      | Identified the +8 spear of Uskayaw's Supremacy {venom,
                  | rElec}
  2824 | D:4      | Found a transporter.
  2855 | D:4      | Noticed Sabo's ghost (amateur DrAE)
  2875 | D:4      | Found a transporter.
  3230 | D:5      | Entered Level 5 of the Dungeon
  3298 | D:5      | Found a sparkling altar of Nemelex Xobeh.
  3399 | D:5      | Reached skill level 1 in Spellcasting
  3916 | D:5      | Noticed Chilbo's ghost (novice SpEn)
  3917 | D:5      | Found a runed translucent door.
  4369 | D:5      | Succumbed to a water moccasin's poison

Illustrated notes

Levels and vault maps discovered:
D:1:      psy_arrival_basics, layout_loops_ring, serial_shops, shop
D:2:      layout_rooms, basic_altar
D:3:      minmay_door_path, layout_rooms, old_standard_altar,
          kennysheep_generic_room_6, uniq_grinder
D:4:      layout_loops_ring, nicolae_ru_great_annihilating_truth,
          minmay_temple_entry_ruins, gammafunk_ghost_gnarly_gnolls,
          serial_bayou_pond_e
D:5:      layout_loops_ring, lemuel_round_altar, hellmonk_ghost_happy_afterlife,
          kennysheep_pointless_box, minivault_27, minmay_misc_feat_tower
Temple:   nicolae_temple_superstar

Skill      XL: |  1  2  3  4  5  6  7 |
---------------+----------------------+-----
Stealth        | 6 7 9 10 11 | 11.8
Fighting       | 2 |  2.5
Dodging        | 2 3 |  3.2
Short Blades   | 3 |  3.6
Spellcasting   | 1 |  1.8
Throwing       | 3 |  3.0
Ranged Weapons | |  0.2

Action                     |  1- 3 |  4- 6 |  7- 9 || total
---------------------------+-------+-------+-------++-------
  Melee: Dagger            |    99 |   130 |    86 ||   315
         Punch             |       |     2 |     1 ||     3
   Fire: Sling             |       |       |     3 ||     3
  Throw: Dart              |     1 |    14 |    24 ||    39
         Boomerang         |       |     3 |       ||     3
   Stab: Sleeping          |    14 |    17 |     8 ||    39
         Distracted        |       |       |     1 ||     1
 Armour: Robe              |    15 |     9 |     4 ||    28
  Dodge: Dodged            |    47 |    92 |    66 ||   205
